Map: King's Cove LE

Players

Smileblind

  • Race: Protoss Protoss
  • League: Silver
  • Spawn Location: 11:00

A.I. 1 (Elite) - Winner!

  • Race: Terran Terran
  • Spawn Location: 5:00

VOD

Have the link to the VOD?

Description

Time

  • Played on: Feb. 7, 2019, 7:24 a.m.
  • Length: 5:47
Show
View Real Time Build Order
Export as new Build Order

Smileblind Protoss 

Build Orders:  

Get SALT Encoding   

  12  0:01  Probe  
  13  0:13  Probe  
  14  0:24  Pylon  
  14  0:25  Probe  
  15  0:39  Probe  
  16  0:47  Probe  
  16  0:48  Gateway  
  16  0:56  Probe  
  17  0:58  Assimilator  
  18  1:05  Probe  
  18  1:08  Assimilator  
  19  1:13  Probe  
  20  1:21  Gateway  
  20  1:23  Probe  
  21  1:35  Probe  
  22  1:40  Cybernetics Core  
  23  1:47  Probe  
  23  1:50  Pylon  
  23  1:55  Pylon  
  23  1:59  Warp Gate  
  23  2:05  Gateway  
  23  2:16  Gateway  
  23  2:24  Adept  
  23  2:28  Adept  
  27  2:41  Gateway  
  27  2:54  Adept, Pylon  
  29  2:59  Adept  
  31  3:14  Stalker  
  31  3:16  Adept  
  35  3:25  Adept  
  37  3:29  Stalker  
  39  3:37  Stalker  
  41  3:48  Pylon  
  41  3:53  Pylon  
  41  4:00  Stalker  
  43  4:07  Stalker  
  45  4:23  Stalker  
  47  4:24  Stalker  
  49  4:35  Stalker  
  51  4:42  Stalker  
  53  4:50  Stalker  
  55  4:59  Stalker  
  57  5:06  Stalker  
  59  5:15  Stalker  
  61  5:23  Stalker  
Show
View Real Time Build Order
Export as new Build Order

A.I. 1 (Elite) Terran - Winner!

Build Orders: Mech 

Get SALT Encoding   

  12  0:00  SCV  
  13  0:13  SCV  
  14  0:19  Supply Depot  
  14  0:25  SCV  
  15  0:41  SCV  
  16  0:45  Barracks  
  16  0:53  SCV  
  17  1:05  SCV  
  18  1:17  SCV  
  19  1:22  Command Center  
  19  1:35  Marine  
  19  1:37  Orbital Command  
  20  1:43  Refinery  
  20  1:52  Marine  
  21  1:54  Supply Depot  
  21  2:03  SCV  
  21  2:07  Refinery  
  22  2:10  Marine  
  23  2:16  SCV  
  24  2:28  SCV, Marine  
  26  2:33  SCV  
  27  2:44  Factory  
  27  2:46  Marine  
  27  2:47  SCV, Orbital Command  
  29  3:02  SCV, Factory  
  29  3:04  Marine  
  31  3:12  SCV  
  32  3:14  SCV  
  32  3:19  Supply Depot  
  33  3:21  Marine  
  33  3:24  SCV  
  33  3:26  SCV  
  36  3:28  Factory Tech Lab  
  36  3:36  SCV  
  36  3:38  SCV  
  38  3:46  Factory Tech Lab, Siege Tank  
  41  3:48  SCV  
  41  3:50  SCV  
  41  3:54  Supply Depot  
  43  4:00  SCV  
  43  4:02  SCV  
  45  4:04  Siege Tank  
  48  4:10  Supply Depot  
  48  4:11  Marine  
  48  4:13  SCV  
  48  4:14  SCV  
  51  4:21  Supply Depot, Siege Tank  
  54  4:25  SCV  
  54  4:26  SCV  
  56  4:36  Supply Depot  
  56  4:37  SCV  
  57  4:38  SCV  
  57  4:40  Marine  
  57  4:44  Siege Tank  
  62  4:49  SCV  
  62  4:50  SCV  
  64  4:54  Supply Depot  
  64  4:57  Marine  
  65  5:01  SCV  
  65  5:02  Hellion  
  65  5:03  SCV, Refinery  
  65  5:05  Barracks  
  69  5:07  Refinery  
  69  5:13  SCV  
  70  5:15  Factory, SCV  
  70  5:16  Barracks Tech Lab  
  70  5:17  Hellion  
  73  5:23  Hellion  
  73  5:25  Command Center  
  73  5:27  SCV  
  73  5:28  SCV  
  78  5:39  Armory  
Tags
 
Composition
Mech
League
Silver
Matchup
PvT
Spawn Locations
Cross Positions
Add a new tag
Caveats
  • Supply blocks, unpowered buildings, or Contaminate may cause inaccurate times.
  • Supply counts are checked every 10 seconds.